 Dungeon Crawl Stone Soup version 0.29.1-15-g9cfb28693d (webtiles) character file.

Game seed: 4932989056292774583

58 JeLyseng the Covered (level 3, -1/33 HPs)
             Began as a Minotaur Fighter on Mar 24, 2023.
             Slain by Sigmund
             ... wielding a +0 scythe
              (7 damage)
             ... on level 2 of the Dungeon.
             The game lasted 00:26:23 (2092 turns).

JeLyseng the Covered (Minotaur Fighter)             Turns: 2092, Time: 00:26:23

Health: -1/33      AC:  7    Str: 20 (22) XL:     3   Next: 76%
Magic:  2/2        EV:  9    Int:  3 (5)  God:
Gold:   40         SH:  4    Dex:  6 (9)  Spells: 2/2 levels left

rFire   . . .      SeeInvis .   a - +0 long sword
rCold   . . .      Faith    .   c - +0 buckler
rNeg    . . .      Spirit   .   b - +0 scale mail
rPois   .          Reflect  .   (helmet restricted)
rElec   .          Harm     .   (no cloak)
rCorr   .          Rampage  .   (no gloves)
Will    .....                   (no boots)
Stlth   ..........              (no amulet)
HPRegen 0.11/turn               (no ring)
MPRegen 0.08/turn               (no ring)

@: no status effects
A: horns 2, retaliatory headbutt
a: no special abilities


You were on level 2 of the Dungeon.
You visited 1 branch of the dungeon, and saw 2 of its levels.

You collected 40 gold pieces.

Inventory:

Hand Weapons
 a - a +0 long sword (weapon)
 p - a +2 short sword of venom
Missiles
 h - 3 javelins (quivered)
 i - 26 stones
Armour
 b - a +0 scale mail (worn)
 c - a +0 buckler (worn)
Scrolls
 e - a scroll of teleportation {unknown}
 g - a scroll of fear {unknown}
 k - a scroll of identify {unknown}
Potions
 d - a potion of might
 j - a potion of flight {unknown}
 l - a potion of heal wounds {unknown}
 m - 2 potions of haste {unknown}


   Skills:
 + Level 3.9 Fighting
 + Level 3.0 Long Blades
 + Level 4.5 Armour
 + Level 1.2 Dodging
 + Level 4.1 Shields


You had 2 spell levels left.
You didn't know any spells.
Your spell library was empty.

Dungeon Overview and Level Annotations

Branches:
Dungeon (2/15)

Altars:

Shops:
D:1 (

Annotations:
D:2 Sigmund


Innate Abilities, Weirdness & Mutations

You have a pair of horns on your head.
You reflexively headbutt those who attack you in melee.


Message History

Sigmund gestures wildly while chanting.
Sigmund flickers and vanishes!
Deactivating autopickup; reactivate with Ctrl-A.
The bat hits you but does no damage.
You hear some strange, mumbled words.
A puff of flame appears from out of thin air!
The puff of flame hits you.
A hobgoblin comes into view.
Something hits you. The bat hits you.
You hit the bat. Your headbutt misses the bat.
The bat is severely wounded.
The bat hits you but does no damage. Something hits you but does no damage.
You bump into the rock wall.
You feel less confused. The bat hits you but does no damage. The bat hits you.
The bat hits you. Something hits you. The bat hits you but does no damage.
Something hits you but does no damage.
You hit the bat.
You kill the bat!
The hobgoblin completely misses you. Something hits you.
You closely miss the hobgoblin.
The hobgoblin hits you but does no damage.
Something hits you.
You barely miss the hobgoblin. Your headbutt misses the hobgoblin.
The hobgoblin hits you.
You hit the hobgoblin.
The hobgoblin is heavily wounded.
Something hits you.
* * * LOW HITPOINT WARNING * * *
The hobgoblin hits you but does no damage.
You block the hobgoblin's attack.
You hit the hobgoblin but do no damage.
The hobgoblin is heavily wounded.
Something hits you.
* * * LOW HITPOINT WARNING * * *
The hobgoblin barely misses you.
You barely miss the hobgoblin. Your headbutt misses the hobgoblin.
The hobgoblin is heavily wounded.
Something hits you!
You die...

#.#....#.................##.## #
#.#.÷#...................##...
####....#....................>...
.#......#..#.......##.....#......
...#.#.....#.....................
.##......#.#...#.#.###.#.>..####.
.##...####....#..#.###....###
.##..## ####...##........#
.....### #....@g...###.....#
###....# #..#..#{..# #...#....
###..#.###......#.#.#.#.#.#.....
†.[...........#..#.#.#.#.#.#....
##....#.#.......#.#.#.#.# #.....
.....##..........# #.#.#.# #....
.#.#............# #.#.#.# ....
...#............ #.#.#.
.....[.......


You could see a hobgoblin.

Vanquished Creatures
  2 adders (D:2)
  6 endoplasms
  3 giant cockroaches
  A goblin (D:1)
  5 hobgoblins
  4 jackals (D:1)
  A quokka (D:1)
  5 ball pythons
  3 bats
  2 frilled lizards
  A kobold (D:2)
  4 rats
37 creatures vanquished.

Notes
Turn   | Place    | Note
-------+----------+-------------------------------------------
     0 | D:1      | JeLyseng the Minotaur Fighter began the quest for the Orb.
     0 | D:1      | Reached XP level 1. HP: 19/19 MP: 0/0
   446 | D:1      | Reached XP level 2. HP: 27/27 MP: 1/1
   669 | D:1      | Found Lingepar's Weapon Boutique.
  1151 | D:2      | Reached XP level 3. HP: 29/33 MP: 2/2
  1832 | D:2      | Reached skill level 1 in Dodging
  2073 | D:2      | Noticed Sigmund
  2092 | D:2      | Slain by Sigmund

Illustrated notes

Levels and vault maps discovered:
D:1:      lightli_arrival_statue_moat, layout_rooms, serial_aquarium,
          aquarium_bridge_square [aquarium_subvault_wall,
          aquarium_subvault_bridge, aquarium_subvault_bridge,
          aquarium_subvault_window], aquarium_window_2, aquarium_window_fake,
          aquarium_view_2b, aquarium_balcony_double_4, serial_shops,
          nicolae_shop_window_shopping, ebering_dispersal_statue_hall
D:2:      layout_rooms, minmay_misc_feat_columns, minivault_23, uniq_sigmund,
          uniq_natasha

Skill      XL: |  1  2  3 |
---------------+----------+-----
Armour         | 4 |  4.5
Shields        | 4 |  4.1
Dodging        | 1 |  1.2
Long Blades    | 3 |  3.0
Fighting       | |  3.9

Action                   || total
-------------------------++-------
Melee: Long sword        ||    93
       Headbutt          ||     8
  Use: Potion            ||     1
Armor: Scale mail        ||    63
Dodge: Dodged            ||    49
Block: Buckler           ||    24
